 Dungeon Crawl Stone Soup version 0.21.0-3-g78d12a8 (webtiles) character file.

1579 Hisonoko the Basher (level 8, -7/70 HPs)
             Began as a Minotaur Berserker on Jan 12, 2018.
             Was a Priest of Trog.
             Mangled by an orc warrior
             ... wielding a +2 war axe of electrocution
              (18 damage)
             ... on level 7 of the Dungeon on Jan 13, 2018.
             The game lasted 00:19:00 (4946 turns).

Hisonoko the Basher (Minotaur Berserker)            Turns: 4946, Time: 00:19:01

Health: -7/70      AC: 12    Str: 25    XL:     8   Next: 60%
Magic:  7/7        EV:  9    Int:  4    God:    Trog [***...]
Gold:   335        SH:  3    Dex:  9    Spells: 7/7 levels left

rFire    + . .     SeeInvis .   a - +0 mace
rCold    + . .     Gourm    .   A - +0 buckler
rNeg     . . .     Faith    .   y - +0 chain mail
rPois    .         Spirit   .   j - +2 hat
rElec    .         Reflect  .   (no cloak)
rCorr    .         Harm     .   (no gloves)
MR       .....                  (no boots)
Stlth    ..........             (no amulet)
HPRegen  0.21/turn              e - ring of protection from fire
MPRegen  0.10/turn              w - ring of protection from cold

@: lethally poisoned (-7 -> -8)
A: retaliatory headbutt, horns 2
a: Berserk, Trog's Hand, Burn Spellbooks, Renounce Religion


You were on level 7 of the Dungeon.
You worshipped Trog.
Trog was most pleased with you.
You were not hungry.

You visited 1 branch of the dungeon, and saw 7 of its levels.

You collected 335 gold pieces.

Inventory:

Hand Weapons
 a - a +0 mace (weapon)
Armour
 j - a +2 hat (worn)
 r - a +0 leather armour of fire resistance
 s - a +0 scale mail
 t - a +1 ring mail of poison resistance
 y - a +0 chain mail (worn)
 A - a +0 buckler (worn)
Jewellery
 e - a ring of protection from fire (left hand)
 f - an uncursed ring of stealth
 l - a +2 ring of dexterity
 w - a ring of protection from cold (right hand)
 B - an uncursed ring of resist corrosion
Scrolls
 b - 2 scrolls of remove curse {unknown}
 i - a scroll of teleportation {unknown}
 k - 2 scrolls of fog
 o - a scroll of enchant weapon {unknown}
 p - a scroll of noise {unknown}
 u - a scroll of blinking {unknown}
 x - 2 scrolls of magic mapping {unknown}
 z - 3 scrolls of identify
Potions
 d - 4 potions of curing {unknown}
 g - a potion of cancellation {unknown}
 h - a potion of degeneration {unknown}
 m - a potion of haste {unknown}
 n - 3 potions of brilliance {unknown}
 q - a potion of flight {unknown}
 v - a potion of heal wounds {unknown}
 C - a potion of ambrosia {unknown}
Comestibles
 c - 13 rations


   Skills:
 + Level 6.0 Fighting
 + Level 9.5 Maces & Flails
 + Level 7.2 Armour
 + Level 4.4 Dodging
 + Level 0.4 Stealth
 + Level 0.2 Shields


You had 7 spell levels left.
You didn't know any spells.

Dungeon Overview and Level Annotations

Branches:
Dungeon (7/15)             Temple (0/1) D:4

Altars:
Gozag
Kikubaaqudgha
Okawaru
Sif Muna
Trog
Vehumet

Shops:
D:3 *


Innate Abilities, Weirdness & Mutations

You reflexively headbutt those who attack you in melee.
You have a pair of horns on your head.


Message History

You hit the orc warrior.
You headbutt the orc warrior, but do no damage.
The orc warrior is heavily wounded.
The orc hits you but does no damage. You block the orc warrior's attack.
You closely miss the orc warrior.
The orc warrior is heavily wounded.
You feel sick. The orc hits you but does no damage.
You sock the orc warrior! Your headbutt misses the orc warrior.
The orc warrior is severely wounded.
The orc warrior hits you but does no damage.
You are electrocuted!
The orc barely misses you.
You hit the orc warrior but do no damage.
The orc warrior is severely wounded.
The orc warrior closely misses you. The orc hits you but does no damage.
You hit the orc warrior. You headbutt the orc warrior.
The orc warrior is almost dead.
The orc warrior hits you with a war axe of electrocution!
* * * LOW HITPOINT WARNING * * *
You are electrocuted!
You die...

......#.
....... .
#..... ..
..... ...
#... ...#
#.. ...#
####o#...#
#..o@)$.#
#.##.##.#
#.# #.#
#.# ...
#.# ..#


You could see an orc warrior and an orc.

Vanquished Creatures
  2 ice beasts (D:5)
  3 phantoms
  2 ogres
  A centaur (D:6)
  2 bullfrogs (D:6)
  A gnoll sergeant (D:6)
  A scorpion (D:5)
  2 crimson imps
  2 orc wizards
  3 orc priests
  Jessica (D:2)
  4 worker ants
  Terence (D:2)
  A hound skeleton (D:5)
  8 gnolls
  A howler monkey skeleton (D:5)
  8 adders
  2 adder skeletons
  A worm (D:3)
  2 dart slugs (D:2)
  2 leopard geckos
  22 orcs
  3 ball pythons
  4 giant cockroaches
  4 goblins
  4 hobgoblins
  5 jackals (D:3)
  3 quokkas
  5 bats
  6 frilled lizards
  4 kobolds
  A quokka skeleton (D:6)
  6 rats
117 creatures vanquished.

Notes
Turn   | Place    | Note
-------+----------+-------------------------------------------
     0 | D:1      | Hisonoko the Minotaur Berserker began the quest for the Orb.
     0 | D:1      | Reached XP level 1. HP: 19/19 MP: 0/0
   278 | D:1      | Reached XP level 2. HP: 27/27 MP: 1/1
   298 | D:1      | Reached skill level 4 in Maces & Flails
   645 | D:2      | Noticed Jessica
   649 | D:2      | Reached XP level 3. HP: 31/33 MP: 2/2
   658 | D:2      | Killed Jessica
   820 | D:2      | Noticed Terence
   831 | D:2      | Killed Terence
   831 | D:2      | Reached XP level 4. HP: 27/41 MP: 3/3
   843 | D:2      | Reached ** piety under Trog
  1383 | D:3      | Reached skill level 5 in Maces & Flails
  1432 | D:3      | Found an opulent altar of Gozag.
  1436 | D:3      | Found Gozag's Platinum Reserve.
  1475 | D:3      | Reached XP level 5. HP: 45/47 MP: 4/4
  1628 | D:3      | Found a bloodstained altar of Trog.
  1707 | D:3      | Reached skill level 6 in Maces & Flails
  1775 | D:3      | Found an iron altar of Okawaru.
  1970 | D:4      | Noticed an ogre
  1978 | D:4      | Killed an ogre
  1978 | D:4      | Reached XP level 6. HP: 53/53 MP: 5/5
  2130 | D:4      | Reached skill level 7 in Maces & Flails
  2148 | D:4      | Found a staircase to the Ecumenical Temple.
  2393 | D:4      | Reached skill level 5 in Fighting
  2393 | D:4      | Reached XP level 7. HP: 50/61 MP: 6/6
  2782 | D:5      | Entered Level 5 of the Dungeon
  2784 | D:5      | Reached *** piety under Trog
  2845 | D:5      | Reached skill level 8 in Maces & Flails
  2952 | D:5      | Found a deep blue altar of Sif Muna.
  3090 | D:5      | Reached skill level 5 in Armour
  3524 | D:5      | Found an iron altar of Okawaru.
  3524 | D:5      | Found a radiant altar of Vehumet.
  3636 | D:6      | Reached XP level 8. HP: 51/69 MP: 7/7
  3714 | D:6      | Reached skill level 9 in Maces & Flails
  4183 | D:6      | Found an ancient bone altar of Kikubaaqudgha.
  4946 | D:7      | Mangled by an orc warrior

Skill      XL: |  1  2  3  4  5  6  7  8 |
---------------+-------------------------+-----
Maces & Flails | 4 5 6 7 8 9 |  9.5
Fighting       | 4 5 6 |  6.0
Dodging        | 3 4 |  4.4
Armour         | 3 4 5 7 |  7.2
Stealth        | |  0.4
Shields        | |  0.2

Action                   |  1- 3 |  4- 6 |  7- 9 || total
-------------------------+-------+-------+-------++-------
Melee: Mace              |    61 |   141 |   158 ||   360
       Headbutt          |     6 |    24 |    33 ||    63
Invok: Berserk           |       |     1 |     1 ||     2
       Trog's Hand       |       |       |     1 ||     1
  Use: Scroll            |       |       |     8 ||     8
  Eat: Chunk             |       |     6 |     7 ||    13
       Ration            |       |       |     1 ||     1
Armor: Animal skin       |     5 |       |       ||     5
       Leather armour    |    16 |     3 |       ||    19
       Ring mail         |       |    41 |       ||    41
       Chain mail        |       |       |    86 ||    86
Dodge: Dodged            |    45 |    78 |    60 ||   183
Block: Buckler           |       |       |     7 ||     7
